 Dungeon Crawl Stone Soup version 0.28-a0-793-g31680bbd8b (webtiles) character file.

Game seed: 18108542749581011645

3 spiderkeys the Ducker (level 1, -1/10 HPs)
             Began as a Felid Abyssal Knight on Nov 4, 2021.
             Was an Initiate of Lugonu.
             Killed from afar by a dart slug (4 damage)
             ... with a slug dart
             ... on level 1 of the Dungeon.
             The game lasted 00:00:32 (315 turns).

spiderkeys the Ducker (Felid Abyssal Knight)         Turns: 315, Time: 00:00:32

Health: -1/10      AC:  1    Str: 15    XL:     1   Next: 41%
Magic:  3/3        EV: 18    Int: 11    God:    Lugonu [......]
Gold:   6          SH:  0    Dex: 16    Spells: 0/0 levels left
                                        Lives:  0   Deaths: 0

rFire   . . .      SeeInvis +     - Unarmed
rCold   . . .      Faith    .   (shield unavailable)
rNeg    . . .      Spirit   .   (armour unavailable)
rPois   .          Reflect  .   (helmet unavailable)
rElec   .          Harm     .   (cloak unavailable)
rCorr   .          Rampage  .   (gloves unavailable)
Will    .....                   (boots unavailable)
Stlth   ++........              (no amulet)
HPRegen 0.03/turn               S - +6 ring of strength
MPRegen 0.08/turn               (no ring)

@: quick
A: very small, claws 1, fangs 3, see invisible, speed 1, shaggy fur 1, stealthy
paws, no weapons or thrown items, no armour, multi-lived
a: Renounce Religion


You were on level 1 of the Dungeon.
You worshipped Lugonu.
Lugonu was noncommittal.
You visited 1 branch of the dungeon, and saw 1 of its levels.
You visited the Abyss 1 time.

You collected 6 gold pieces.


Innate Abilities, Weirdness & Mutations

You have sharp claws.
You have razor-sharp teeth.
You have supernaturally acute eyesight. (SInv)
You cover ground quickly. (Speed+)
You are covered in fur. (AC +1)
Your paws help you pounce on unaware monsters.
You are incapable of wielding weapons or throwing items.
You cannot wear armour.
You gain extra lives every three experience levels.


   Skills:
 + Level 3.0 Fighting
 + Level 3.2 Dodging
 + Level 0.4 Stealth
 + Level 2.0 Unarmed Combat
 + Level 1.8 Invocations


You couldn't memorise any spells.
You didn't know any spells.
Your spell library was empty.

Inventory:

Jewellery
 S - a +6 ring of strength (left paw)
   (You found it on level 1 of the Abyss)
Scrolls
 a - a scroll of summoning {unknown}

Dungeon Overview and Level Annotations

Branches:
Dungeon (1/15)

Altars:

#......#.###.#.##
#.#.##.#..##.#.#
#.#.##.##..#+#.#
#.#.##.###.....#
#.#..#.# ##.####
##...$..# #.#
#......## #.#
#....).# #.#
#...@..# #.#
#..w...# #.#
#......# #.#
#.......# #.#
#.......# #.#
#........
#......#.#
########..


You could see a dart slug.


Message History

🤖 Initializing magus.rc ... ✅ Successfully initialized magus.rc [v1.9.10] Welcome, spiderkeys the Felid Abyssal Knight.
The awesome Orb of Zot lies far below, as if waiting for you to find it.
Lugonu says: Depart the Abyss and spread corruption, my servant! (use the ability menu to exit the Abyss) Press ? for a list of commands and other information.
Found a corrupted altar of Lugonu.
There is a corrupted altar of Lugonu here.
You now have 6 gold pieces.
a - a scroll labelled SUUCRO GAVIOBI A large abomination comes into view.
As you read the scroll labelled SUUCRO GAVIOBI, it crumbles to dust.
It is a scroll of identify.
You don't have any unidentified items.
A large abomination is nearby!
A small abomination comes into view.
You see here a +6 ring of strength.
S - a +6 ring of strength A small abomination comes into view.
The worldbinder calls forth creatures from the Snake Pit!
You pass through the gate.
You can no longer depart the Abyss at will.
There is a staircase leading out of the dungeon here. 😎 MP[-1]
You lost 1 mp, and now have 2/3 mp.
You feel stronger.
S - a +6 ring of strength (left paw)
You open the door.
There is an open door here.
a - a scroll labelled EGOACR HIPOA 😎 MP[+1]
Your mp is fully restored (3).
A giant cockroach comes into view.
A giant cockroach is nearby!
A giant cockroach is nearby!
The giant cockroach misses you.
You closely miss the giant cockroach. The giant cockroach misses you.
You scratch the giant cockroach but do no damage.
You bite the giant cockroach. The giant cockroach barely misses you.
The giant cockroach bites you. 😕 HP[-2]
You take 2 damage, and now have 8/10 hp.
A giant cockroach is nearby!
A giant cockroach is nearby!
You barely miss the giant cockroach.
The giant cockroach completely misses you.
You scratch the giant cockroach.
The giant cockroach completely misses you.
You scratch the giant cockroach.
You kill the giant cockroach!
Lugonu accepts your kill.
A kobold comes into view. It is wielding a +0 whip. 😎 HP[+2]
Your hp is fully restored (10).
A kobold is nearby!
A kobold is nearby!
A kobold is nearby!
The kobold shouts!
You scratch the kobold. You claw the kobold.
The kobold hits you with a +0 whip. 😕 HP[-2]
You take 2 damage, and now have 8/10 hp.
You barely miss the kobold. The kobold barely misses you.
You scratch the kobold.
You kill the kobold!
Lugonu accepts your kill.
No target in view!
Things that are here:
a +0 whip; a kobold corpse; 😎 HP[+2]
Your hp is fully restored (10).
A kobold comes into view. It is wielding a +0 dagger.
A kobold is nearby!
A kobold is nearby!
The kobold shouts!
The kobold throws a stone.
The stone misses you.
A dart slug comes into view.
The kobold throws a stone.
The stone hits you. 😕 HP[-2]
You take 2 damage, and now have 8/10 hp.
The dart slug launches a dart at you. The slug dart hits you.
Ouch! That really hurt!
* * * LOW HITPOINT WARNING * * *
The kobold throws a stone.
The stone barely misses you. 😨 HP[-5]
You take 5 damage, and now have 3/10 hp.
MASSIVE DAMAGE!! (PAUSE)
You barely miss the kobold. You bite the kobold.
You kill the kobold!
Lugonu accepts your kill. The dart slug launches a dart at you.
The slug dart misses you.
Things that are here:
a +0 dagger; 5 stones; a kobold corpse You scratch the dart slug.
The dart slug closely misses you.
You scratch the dart slug. The dart slug launches a dart at you.
The slug dart hits you.
You die...

Action                   || total
-------------------------++-------
Melee: Unarmed           ||    11
       Bite              ||     2
       Punch             ||     1
Invok: Depart the Abyss  ||     1
  Use: Scroll            ||     1
Dodge: Dodged            ||    10

Levels and vault maps discovered:
D:1:      mrwooster_arrival_arrow, layout_basic,
          hellmonk_ecumenical_altar_lost_god, minivault_19, minmay_distorted

Notes
Turn   | Place    | Note
-------+----------+-------------------------------------------
     0 | Abyss:1  | spiderkeys the Felid Abyssal Knight began the quest for the
                  | Orb.
     0 | Abyss:1  | Reached XP level 1. HP: 10/10 MP: 3/3
     0 | Abyss:1  | magus.rc [v1.9.10]
    66 | Abyss:1  | Found a corrupted altar of Lugonu.
   113 | Abyss:1  | Noticed a large abomination
   125 | Abyss:1  | Noticed a small abomination
   143 | Abyss:1  | Noticed a worldbinder
   144 | Abyss:1  | Noticed a small abomination
   145 | Abyss:1  | Noticed a black mamba
   145 | Abyss:1  | Noticed a black mamba
   145 | Abyss:1  | Noticed a naga warrior
   149 | D:1      | You pass through the gate.
   149 | D:1      | Escaped the Abyss
   315 | D:1      | Killed from afar by a dart slug

Vanquished Creatures
  A giant cockroach (D:1)
  2 kobolds (D:1)
3 creatures vanquished.

Table legend:
 A = Non-vault XP
 B = Vault XP
 C = Vault XP percentage of total XP
 D = Non-vault monster count
 E = Vault monster count
 F = Vault count percentage of total count
                 A         B        C        D         E       F
            +---------+---------+-------+---------+---------+-------
      Total |       5 |       0 |   0.0 |       3 |       0 |   0.0
            +---------+---------+-------+---------+---------+-------
        D:1 |       5 |       0 |   0.0 |       3 |       0 |   0.0
            +---------+---------+-------+---------+---------+-------

Illustrated notes

Table legend:
 A = Kills in this place as a percentage of kills in entire the game.
 B = Kills by you in this place as a percentage of kills by you in the entire game.
 C = Kills by friends in this place as a percentage of kills by friends in the entire game.
 D = Other kills in this place as a percentage of other kills in the entire game.
 E = Experience gained in this place as a percentage of experience gained in the entire game.
 F = Experience gained in this place divided by the number of levels of this place that you have seen.
                   A       B       C       D       E      F
               +-------+-------+-------+-------+-------+----------------------
         Total | 100.0 | 100.0 |   N/A |   N/A | 100.0 |   2.5
       Dungeon | 100.0 | 100.0 |   N/A |   N/A | 100.0 |   5.0
               +-------+-------+-------+-------+-------+----------------------

Table legend: (Time is in decaauts)
 A = Elapsed time spent in this place.
 B = Non-inter-level travel time spent in this place.
 C = Inter-level travel time spent in this place.
 D = Time resting spent in this place.
 E = Time spent auto-exploring this place.
 F = Levels seen in this place.
 G = Mean time per level.
                   A        B        C        D        E       F      G
               +--------+--------+--------+--------+--------+-----+--------+
         Total |    276 |    276 |      0 |      0 |    222 |   2 |  138.0 |
       Dungeon |    156 |    156 |      0 |      0 |    132 |   1 |  156.0 |
         Abyss |    120 |    120 |      0 |      0 |     89 |   1 |  120.0 |
               +--------+--------+--------+--------+--------+-----+--------+

Top non-repeatable levels by time:
     D:1: 156 daAuts
 Abyss:1: 120 daAuts
